Map: Deathaura LE

Players

Rex - Winner!

  • Race: Zerg Zerg
  • League: Master
  • Spawn Location: 11:00

Yoger

  • Race: Zerg Zerg
  • Spawn Location: 5:00

Event: DreamHack SC2 Masters 2020 Summer TwHkMoJp

VOD

Have the link to the VOD?

Description

Time

  • Played on: June 25, 2020, 8:41 a.m.
  • Length: 5:32

All games in this series

Show
View Real Time Build Order
Export as new Build Order

Rex Zerg - Winner!

Build Orders: Hatch First 

Get SALT Encoding   

  12  0:00  Drone  
  13  0:12  Overlord  
  13  0:18  Drone  
  14  0:31  Drone x2  
  16  0:48  Hatchery  
  15  0:51  Drone  
  15  0:55  Drone  
  17  0:58  Drone  
  18  1:09  Extractor  
  17  1:14  Spawning Pool  
  17  1:16  Drone  
  17  1:20  Drone  
  18  1:29  Drone  
  19  1:39  Drone  
  20  1:50  Drone  
  21  2:00  Queen x2  
  25  2:03  Drone x2  
  27  2:09  Metabolic Boost  
  27  2:11  Overlord  
  27  2:12  Drone  
  28  2:31  Hatchery  
  28  2:33  Zergling x2  
  28  2:34  Zergling x2  
  28  2:35  Drone  
  30  2:37  Drone  
  31  2:48  Baneling Nest  
  31  2:51  Drone  
  31  2:52  Overlord  
  31  2:55  Zergling x4  
  33  3:14  Drone  
  33  3:15  Drone x3  
  37  3:24  Overlord  
  37  3:25  Drone x4  
  41  3:34  Overlord  
  41  3:35  Drone  
  42  3:42  Queen  
  42  3:47  Evolution Chamber  
  42  3:48  Drone  
  44  3:49  Drone x4  
  48  3:56  Overlord  
  48  3:58  Overlord  
  48  4:06  Overlord  
  48  4:08  Zergling x6  
  51  4:13  Spine Crawler  
  51  4:14  Zergling x2, Spine Crawler  
  51  4:16  Zergling x2  
  50  4:19  Zergling x2  
  50  4:21  Zergling x6  
  53  4:27  Zergling x2  
  53  4:28  Zergling x8  
  53  4:30  Spine Crawler  
  55  4:32  Zergling x2  
  46  4:38  Zergling x4  
  46  4:41  Zergling x2  
  46  4:43  Baneling x2  
  47  4:52  Zergling x2  
  45  4:57  Zergling x2  
  45  4:59  Zergling x2  
  45  5:05  Zergling x10  
  49  5:11  Drone x2  
  49  5:12  Drone  
  50  5:14  Drone  
  50  5:16  Drone  
  50  5:18  Drone  
Show
View Real Time Build Order
Export as new Build Order

Yoger Zerg 

Build Orders: Hatch First, Roach Nydus 

Get SALT Encoding   

  12  0:01  Drone  
  13  0:12  Overlord  
  13  0:17  Drone  
  14  0:30  Drone  
  14  0:31  Drone  
  16  0:47  Hatchery  
  15  0:51  Drone  
  15  0:54  Drone  
  17  0:58  Drone  
  18  1:09  Extractor  
  17  1:13  Spawning Pool  
  17  1:16  Drone  
  17  1:19  Drone  
  18  1:28  Drone  
  19  1:39  Overlord  
  19  1:50  Drone  
  20  2:00  Queen  
  20  2:01  Zergling x4  
  26  2:09  Lair  
  26  2:11  Drone x2  
  26  2:14  Extractor  
  25  2:22  Drone x2  
  27  2:32  Drone x2  
  27  2:35  Queen  
  31  2:50  Evolution Chamber  
  30  2:53  Roach Warren  
  30  2:54  Drone x3  
  32  2:59  Overlord  
  32  3:09  Overlord  
  32  3:15  Nydus Network  
  30  3:36  Roach x3  
  30  3:38  Roach x3  
  41  3:48  Evolution Chamber  
  41  3:49  Roach x2  
  41  3:55  Nydus Canal  
  44  4:04  Roach  
  44  4:06  Roach, Overlord  
  48  4:17  Spine Crawler  
  48  4:20  Roach x2  
  51  4:26  Roach  
  53  4:35  Roach x2  
  53  4:41  Roach  
  47  4:55  Roach x3  
  45  5:01  Roach  
  45  5:07  Roach  
Tags
 
Add a new tag
Caveats
  • Supply blocks, unpowered buildings, or Contaminate may cause inaccurate times.
  • Supply counts are checked every 10 seconds.